 Dungeon Crawl Stone Soup version 0.13-a0-1502-g99810c3 (webtiles) character file.

366 Kae the Archer (level 5, -6/41 HPs)
             Began as a Centaur Hunter on June 8, 2013.
             Mangled by Grinder (10 damage)
             ... on Level 4 of the Dungeon.
             The game lasted 00:05:22 (3411 turns).

Kae the Archer (Centaur Hunter)                     Turns: 3411, Time: 00:05:22

HP  -6/41        AC  5     Str 14      XL: 5   Next: 37%
MP   3/3         EV  9     Int 10      God:
Gold 181         SH  0     Dex 11      Spells:  0 memorised,  4 levels left

Res.Fire  : . . .   See Invis. : .   b - +1 bow
Res.Cold  : . . .   Warding    : .   d - +0 leather armour
Life Prot.: . . .   Conserve   : .   (no shield)
Res.Poison: .       Res.Corr.  : .   (no helmet)
Res.Elec. : .       Clarity    : .   (no cloak)
Sust.Abil.: . .     Spirit.Shd : .   k - +0 pair of elf gauntlets
Res.Mut.  : .       Stasis     : .   (no barding)
Res.Rott. : .       Flight     : .   (no amulet)
Saprovore : . . .                    (no ring)
                                     (no ring)

@: very quick, slightly resistant to hostile enchantments, extremely unstealthy
A: hooves 3, deformed body, herbivore 1, speed 2, fast metabolism 1, tough skin
3
a: no special abilities


You were on level 4 of the Dungeon.
You were not hungry.

You visited 1 branch of the dungeon, and saw 4 of its levels.

You collected 161 gold pieces.

Inventory:

Hand weapons
 a - a +2,+0 mace of protection
 b - a +1,+1 bow (weapon)
 m - a +0,+0 short sword
Missiles
 c - 19 arrows (quivered)
Armour
 d - a +0 leather armour (worn)
 k - a +0 pair of elven gauntlets (worn)
Magical devices
 v - a wand of slowing (7)
Comestibles
 f - 6 bread rations
 g - a sausage
 h - a banana
 o - 2 chokos
 x - a meat ration
 A - a pear
Scrolls
 e - a scroll of recharging {unknown}
 i - a scroll of enchant weapon I {unknown}
 l - a scroll of remove curse {unknown}
 p - a scroll of enchant armour {unknown}
 r - 2 scrolls of curse weapon {unknown}
 s - a scroll of identify {unknown}
 y - a scroll of blinking {unknown}
 z - a scroll of curse jewellery {unknown}
 B - a scroll of teleportation {unknown}
 C - a scroll of enchant weapon II {unknown}
Jewellery
 q - a +2 ring of dexterity {unknown}
Potions
 j - 2 potions of degeneration {unknown}
 n - 2 potions of heal wounds {unknown}
 t - a potion of speed {unknown}
 u - a potion of beneficial mutation {unknown}
 w - 3 potions of curing {unknown}


   Skills:
 - Level 1.0 Fighting
 + Level 2.3 Maces & Flails
 + Level 8.0 Bows
 - Level 1.3 Dodging
 - Level 0.5 Stealth


You had 4 spell levels left.
You didn't know any spells.

Dungeon Overview and Level Annotations

Branches:
Dungeon (4/27)
 Temple: D:4-7

Altars:
Ashenzari
Fedhas
Xom

Annotations
D:4 Grinder


Innate Abilities, Weirdness & Mutations

You have hooves in place of feet.
Armour fits poorly on your strangely shaped body.
You digest meat inefficiently.
You cover ground very quickly.
You have a fast metabolism.
You have extremely tough skin (AC +3).


Message History

* * * LOW HITPOINT WARNING * * *
Firing (i - inventory):
c - 22 arrows (quivered)
Press: ? - help, Shift-Dir - straight line, f/p - Grinder
Aim: Grinder (heavily wounded)
You shoot an arrow. The arrow hits Grinder.
Grinder is almost dead.
Grinder hits you but does no damage.
Firing (i - inventory):
c - 21 arrows (quivered)
Press: ? - help, Shift-Dir - straight line, f/p - Grinder
Aim: Grinder (almost dead)
You shoot an arrow. The arrow hits Grinder.
Grinder is almost dead.
Grinder hits you.
* * * LOW HITPOINT WARNING * * *
You writhe in agony.
Firing (i - inventory):
c - 20 arrows (quivered)
Press: ? - help, Shift-Dir - straight line, f/p - Grinder
Aim: Grinder (almost dead)
You shoot an arrow. The arrow misses Grinder.
Grinder hits you!
You die...

### ###+###### . #..
#@.......##.# ##.####
#5..........# ###.....####
#(........#
#..........#####........##
..#.....##.....'........#
#.....########........#
##.#### #(.......# #.#
###'###### #.## #(.#


You could see Grinder.

Vanquished Creatures
  A scorpion (D:3)
  Jessica (D:3)
  7 adders
  A gnoll (D:1)
  A worm (D:3)
  5 giant geckos
  2 oozes
  An orc (D:4)
  6 hobgoblins
  2 jackals (D:1)
  2 quokkas
  A ball python (D:2)
  7 bats
  2 giant cockroaches
  6 giant newts
  8 goblins
  2 kobolds
  7 rats
62 creatures vanquished.

Notes
Turn   | Place    | Note
--------------------------------------------------------------
     0 | D:1      | Kae, the Centaur Hunter, began the quest for the Orb.
     0 | D:1      | Reached XP level 1. HP: 17/17 MP: 0/0
   183 | D:1      | Reached skill level 6 in Bows
   183 | D:1      | Reached XP level 2. HP: 16/24 MP: 1/1
   614 | D:2      | Reached XP level 3. HP: 26/29 MP: 2/2
  1030 | D:2      | TZer0: Server is running-ish
  1030 | D:2      | TZer0: :P
  1037 | D:2      | Kae: :D
  1155 | D:2      | TZer0: know this, it is still work in progress and might go down for a sec or two
  1156 | D:2      | TZer0: just so you know
  1156 | D:2      | Kae: yea sure :)
  1156 | D:2      | Kae: np
  1305 | D:2      | Reached skill level 1 in Maces & Flails
  1312 | D:2      | Kae: no more nausea feels good :p
  1482 | D:2      | Reached skill level 7 in Bows
  1482 | D:2      | Reached XP level 4. HP: 23/36 MP: 2/2
  1818 | D:3      | Found a shimmering altar of Xom.
  1880 | D:3      | Noticed Jessica
  1888 | D:3      | Killed Jessica
  1934 | D:3      | Found a shattered altar of Ashenzari.
  2077 | D:3      | Found a blossoming altar of Fedhas.
  2329 | D:3      | Reached XP level 5. HP: 20/41 MP: 3/3
  2900 | D:3      | Saw a vision of the Shoals and the Spider Nest.
  2900 | D:3      | Noticed a merfolk
  2900 | D:3      | Noticed a sea snake
  2900 | D:3      | Noticed a sea snake
  2900 | D:3      | Noticed a redback
  2900 | D:3      | Noticed a centaur
  2900 | D:3      | Noticed a merfolk
  2902 | D:3      | Noticed a merfolk
  2920 | D:3      | Kae: and almost lag free :.
  2920 | D:3      | Kae: :3
  3036 | D:4      | Reached skill level 8 in Bows
  3106 | D:4      | Noticed Grinder
  3110 | D:4      | Paralysed by Grinder for 4 turns
  3175 | D:3      | Noticed a trapdoor spider
  3396 | D:4      | Paralysed by Grinder for 2 turns
  3411 | D:4      | Mangled by Grinder

Action                   |  1- 3 |  4- 6 || total
-------------------------+-------+-------++-------
Melee: Short sword       |    37 |       ||    37
       Mace              |    67 |   105 ||   172
 Fire: Bow               |     6 |    12 ||    18
